 Dungeon Crawl Stone Soup version 0.32-a0-876-gcfddb08e57 (webtiles) character file.

Game seed: 14634925261479935628

64990 jasper the Severer (level 15, -6/100 HPs)
             Began as a Gargoyle Berserker on Mar 31, 2024.
             Was a High Priest of Trog.
             Mangled by a dire elephant simulacrum (25 damage)
             ... animated by a necromancer
             ... on level 5 of the Lair of Beasts.
             The game lasted 00:25:17 (16179 turns).

jasper the Severer (Gargoyle Berserker)            Turns: 16179, Time: 00:25:18

Health: -6/100     AC: 32    Str: 28    XL:     15   Next: 14%
Magic:  15/15      EV:  7    Int:  8    God:    Trog [*****.]
Gold:   1122       SH:  0    Dex:  9    Spells: 14/14 levels left

rFire   . . .        M - +3 battleaxe
rCold   . . .        (shield currently unavailable)
rNeg    + . .        H - +0 plate armour
rPois   ∞            t - +0 helmet
rElec   +            E - +2 cloak {rCorr}
rCorr   +            (no gloves)
SInv    .            (no boots)
Will    ++...        a - amulet of regeneration Stlth
                     F - ring of willpower
HPRegen 1.16/turn    P - +4 ring of slaying
MPRegen 0.14/turn

%: no passive effects
@: on berserk cooldown, flying, slowed, very slow
A: sickness immunity, AC +11, big wings, negative energy resistance 1,
electricity resistance, torment resistance 1, petrification resistance
a: Renounce Religion, Berserk, Trog's Hand, Brothers in Arms


You were on level 5 of the Lair of Beasts.
You worshipped Trog.
Trog was extremely pleased with you.
You visited 2 branches of the dungeon, and saw 17 of its levels.
You also visited: Ice Cave.

You collected 1122 gold pieces.

Inventory:

Hand Weapons
 l - a +0 hand axe of flaming
 w - a +6 heavy executioner's axe
 M - a +3 battleaxe (weapon)
Missiles
 d - 140 stones (quivered)
 g - 12 javelins
 u - 4 curare-tipped darts
 B - 4 throwing nets
 G - 11 boomerangs
 Q - 24 poisoned darts
Armour
 t - a +0 helmet (worn)
 E - a +2 cloak of preservation (worn)
 H - a +0 plate armour (worn)
Jewellery
 a - an amulet of regeneration (around neck)
 h - a ring of ice
 j - a ring of ice
 C - an amulet of reflection
 F - a ring of willpower (left hand)
 P - a +4 ring of slaying (right hand)
Wands
 b - a wand of acid (7)
 m - a wand of polymorph (11)
 r - a wand of charming (15)
 s - a wand of digging (8)
 L - a wand of flame (12)
 R - a wand of warping (13)
 S - a wand of mindburst (12)
Scrolls
 e - 3 scrolls of immolation
 n - 3 scrolls of enchant armour
 o - a scroll of summoning
 p - 6 scrolls of fear
 q - 8 scrolls of teleportation
 y - 4 scrolls of enchant weapon
 A - 2 scrolls of revelation
 J - a scroll of fog
 K - 2 scrolls of vulnerability
 O - 3 scrolls of poison
Potions
 c - 5 potions of curing
 f - 5 potions of resistance
 i - 3 potions of might
 k - a potion of magic
 v - a potion of ambrosia
 x - a potion of cancellation
 z - a potion of lignification
 D - 2 potions of attraction
 I - 4 potions of mutation


   Skills:
 + Level 14.1 Fighting
 * Level 18.0 Axes
 + Level 13.9 Armour
 - Level 1.5 Dodging


You had 14 spell levels left.
You didn't know any spells.
Your spell library was empty.

Dungeon Overview and Level Annotations

Branches:
Dungeon (12/15)            Temple (0/1) D:7            Lair (5/5) D:8
 Shoals (0/4) Lair:2        Snake (0/4) Lair:2        Slime (0/5) Lair:5
    Orc (0/2) D:9           IceCv (visited)

Altars:
Ashenzari
Gozag
Hepliaklqana
Kikubaaqudgha
Qazlal
Ru
Uskayaw
Vehumet
Wu Jian
Xom
Jiyva

Shops:
D:4 =   D:5 (


Innate Abilities, Weirdness & Mutations

You are immune to sickness and miasma.
Your stone body is resilient. (AC +11)
You are immune to poison.
Your large and strong wings let you fly.
You resist negative energy. (rN+)
You are resistant to electric shocks. (rElec)
You are resistant to unholy torment.
You are immune to petrification.


Message History

Your troll dies!
Your troll's corpse disappears in a puff of smoke!
The spectral anaconda grabs your two-headed ogre.
The spectral anaconda bites your two-headed ogre.
The spectral anaconda drains your two-headed ogre.
The spectral anaconda constricts your two-headed ogre.
Your two-headed ogre hits the spectral anaconda with a +0 giant club!
Your two-headed ogre barely misses the spectral anaconda.
The dire elephant simulacrum tramples you but does no damage.
The dire elephant simulacrum closely misses you.
You fail to use your ability.
The spectral anaconda bites your two-headed ogre.
The spectral anaconda drains your two-headed ogre.
The spectral anaconda constricts your two-headed ogre.
The spectral anaconda bites your two-headed ogre.
The spectral anaconda constricts your two-headed ogre.
Your two-headed ogre hits the spectral anaconda with a +0 giant club!!!
The spectral anaconda is destroyed!
Trog accepts your kill.
Trog will now gift you melee weapons as you gain piety.
The dire elephant barely misses you. The dire elephant trunk-slaps you.
* * * LOW HITPOINT WARNING * * *
The dire elephant simulacrum tramples you but does no damage.
The dire elephant simulacrum barely misses you.
The necromancer hits your two-headed ogre with a +0 dagger.
You take 1 damage, and have 21/100 hp.
As you read the scroll of fear, it crumbles to dust.
You assume a fearsome visage.
The dire elephant simulacrum is unaffected.
The dire elephant looks frightened!
The necromancer looks frightened!
Your two-headed ogre barely misses the necromancer.
Your two-headed ogre hits the necromancer with a +0 giant club!!!
The necromancer dies!
Trog accepts your kill.
Trog appreciates your killing of a magic user.
The dire elephant simulacrum tramples you but does no damage.
The dire elephant simulacrum trunk-slaps you.
* * * LOW HITPOINT WARNING * * *
The dire elephant simulacrum freezes you!!
You die...

....##
##♣P...###...........
..###
#♣♣♣##P..#####ßP⌠.ß
.### ####.###~.###ßPß#
...#
####...P#~~~~.######
...#
#+#P...####.≈≈≈≈#ß.Y.ß
...#
#.#.####.ß#.~≈≈≈'...($
...#
#P.P#PO...'..~≈~'...?)
.###
#ß..#.ZY°ß##.~~##ß...ß
#.# ♣ ##''#@'#### ####
### ....#.....#
.........P##
♣.PP....P## ♣♣###...##
#####


You could see a dire elephant (fleeing), a dire elephant simulacrum and a
friendly two-headed ogre (summoned, berserk, drained).

Vanquished Creatures
  A dire elephant (Lair:5)
  The ghost of Munuj the Summoner, a journeyman MDFi of Cheibriados (Lair:4)
  Fannar (D:10)
  3 hydras
  Harold (D:10)
  A catoblepas (Lair:2)
  7 death yaks (Lair:5)
  5 two-headed ogres
  A boulder beetle (D:8)
  Urug (Lair:3)
  The ghost of osoart the Covert, a journeyman SpBr of Wu Jian (D:10)
  A skyshark (Lair:3)
  A glowing orange brain (D:10)
  An obsidian statue (D:10)
  3 necromancers (Lair:5)
  2 ugly things
  Maurice (D:7)
  A cyclops (D:12)
  3 manticores (D:12)
  30 elephants
  2 dire elephant zombies (Lair:5)
  9 black mambas
  A gargoyle (D:12)
  12 cane toads
  A torpor snail (Lair:5)
  11 komodo dragons
  3 kobold demonologists (D:11)
  A rime drake (Lair:4)
  An unseen horror (D:12)
  Psyche (D:10)
  5 trolls
  5 hornets
  3 polar bears
  A spectral elephant (Lair:5)
  A snapping turtle (Lair:2)
  24 blink frogs
  3 slime creatures (D:10)
  3 shadows
  3 wyverns
  A wraith (D:12)
  Eustachio (D:4)
  A water elemental (Lair:2)
  25 yaks
  Grum (D:10)
  2 basilisks
  A steam dragon (D:8)
  4 acid dragons
  2 nagas (Lair:2)
  12 water moccasins
  4 ice beasts
  3 black bears
  4 orc warriors
  An ogre (D:5)
  2 wolves (D:10)
  10 centaurs
  An elephant skeleton (Lair:5)
  3 kobold brigands
  11 bullfrogs
  A gnoll sergeant (D:6)
  A two-headed ogre simulacrum (D:11)
  4 scorpions
  15 wights
  2 elephant simulacra (IceCv)
  10 killer bees
  A howler monkey (D:7)
  4 hounds
  16 jellies
  A bombardier beetle (D:4)
  6 orc priests
  2 gnoll boudas (D:7)
  Ijyb (D:5)
  4 iguanas
  Natasha (D:3)
  Terence (D:2)
  11 orc wizards
  A spriggan simulacrum (D:11)
  Robin (D:4)
  25 gnolls
  13 adders
  A naga simulacrum (D:11)
  2 ufetubi (D:5)
  2 ribbon worms
  42 orcs
  4 ball pythons
  4 endoplasms
  A giant cockroach (D:1)
  14 goblins
  8 hobgoblins
  2 jackals (D:3)
  4 quokkas
  5 bats
  5 frilled lizards
  18 kobolds
  5 rats
483 creatures vanquished.

Vanquished Creatures (collateral kills)
  2 dire elephants (Lair:5)
  A spectral anaconda (Lair:5)
  A necromancer (Lair:5)
4 creatures vanquished.

Vanquished Creatures (others)
  A yak (D:9)
1 creature vanquished.

Grand Total: 488 creatures vanquished

Notes
Turn   | Place    | Note
-------+----------+-------------------------------------------
     0 | D:1      | jasper the Gargoyle Berserker began the quest for the Orb.
     0 | D:1      | Reached XP level 1. HP: 14/14 MP: 1/1
    92 | D:1      | Reached skill level 3 in Axes
   240 | D:1      | Reached XP level 2. HP: 4/19 MP: 2/2
   814 | D:1      | Reached XP level 3. HP: 23/23 MP: 3/3
  1309 | D:2      | Reached skill level 4 in Axes
  1526 | D:2      | Noticed Terence
  1530 | D:2      | Killed Terence
  1531 | D:2      | Reached XP level 4. HP: 28/28 MP: 4/4
  1841 | D:2      | Reached skill level 5 in Axes
  1846 | D:2      | Reached XP level 5. HP: 30/32 MP: 5/5
  2610 | D:3      | Found a stormy altar of Qazlal.
  2620 | D:3      | Found a radiant altar of Vehumet.
  2793 | D:3      | Reached ** piety under Trog
  2934 | D:3      | Noticed Natasha
  2947 | D:3      | Killed Natasha
  2948 | D:3      | Reached XP level 6. HP: 37/37 MP: 6/6
  3100 | D:3      | Reached skill level 6 in Axes
  3182 | D:3      | Found an ornate altar of the Wu Jian Council.
  3402 | D:3      | Identified the +11 mace "Suosol" {antimagic, +Blink rElec}
  3409 | D:3      | Found a shimmering altar of Xom.
  3700 | D:4      | Noticed Robin
  3737 | D:4      | Noticed a wyvern
  3742 | D:4      | Killed Robin
  3748 | D:4      | Killed a wyvern
  3749 | D:4      | Reached skill level 7 in Axes
  3749 | D:4      | Reached XP level 7. HP: 41/41 MP: 7/7
  4012 | D:4      | Noticed Eustachio
  4065 | D:4      | Killed Eustachio
  4066 | D:4      | Reached skill level 8 in Axes
  4089 | D:4      | Found a hazy altar of Hepliaklqana.
  4122 | D:4      | Reached XP level 8. HP: 46/46 MP: 8/8
  4326 | D:4      | Found Hapseenk's Jewellery Boutique.
  4556 | D:5      | Entered Level 5 of the Dungeon
  4560 | D:5      | Noticed Ijyb
  4581 | D:5      | Killed Ijyb
  4727 | D:5      | Reached skill level 9 in Axes
  5020 | D:5      | Reached *** piety under Trog
  5041 | D:5      | Found Zaghuegh's Weapon Shop.
  5871 | D:6      | Reached XP level 9. HP: 53/53 MP: 9/9
  5902 | D:6      | Reached skill level 5 in Fighting
  6046 | D:6      | Reached skill level 10 in Axes
  6264 | D:7      | Noticed Maurice
  6265 | D:7      | Maurice stole an amulet of reflection
  6267 | D:7      | Maurice stole the +11 mace "Suosol" {antimagic, +Blink
                  | rElec}
  6271 | D:7      | Maurice stole 32 stones
  6272 | D:7      | Killed Maurice
  6273 | D:7      | Reached skill level 5 in Armour
  6306 | D:7      | Noticed a hornet
  6319 | D:7      | Killed a hornet
  6404 | D:7      | Noticed a hornet
  6418 | D:7      | Killed a hornet
  6418 | D:7      | Reached **** piety under Trog
  6477 | D:7      | Reached skill level 11 in Axes
  6513 | D:7      | Reached XP level 10. HP: 61/61 MP: 10/10
  6676 | D:7      | Found a staircase to the Ecumenical Temple.
  6784 | D:7      | Found a broken altar of Ashenzari.
  6788 | D:7      | Saw a vision of the Shoals and the Snake Pit.
  6788 | D:7      | Noticed a black mamba
  6788 | D:7      | Noticed a kraken
  6788 | D:7      | Noticed a water nymph
  6788 | D:7      | Noticed a black mamba
  6788 | D:7      | Noticed a sea snake
  6788 | D:7      | Noticed a manticore
  6788 | D:7      | Noticed a merfolk impaler
  6788 | D:7      | Noticed a sea snake
  6788 | D:7      | Noticed a manticore
  6788 | D:7      | Noticed a naga mage
  6788 | D:7      | Noticed a sea snake
  6789 | D:7      | Noticed a naga mage
  6906 | D:8      | Found a sacrificial altar of Ru.
  6950 | D:8      | Found a hide-covered altar of Uskayaw.
  7016 | D:8      | Found a staircase to the Lair.
  7225 | D:8      | Noticed a two-headed ogre
  7236 | D:8      | Killed a two-headed ogre
  7573 | D:8      | Reached skill level 12 in Axes
  7787 | D:9      | Noticed a two-headed ogre
  7794 | D:9      | Killed a two-headed ogre
  7840 | D:9      | Reached XP level 11. HP: 67/68 MP: 11/11
  7936 | D:9      | Noticed a two-headed ogre
  7943 | D:9      | Killed a two-headed ogre
  7961 | D:9      | Found a staircase to the Orcish Mines.
  8363 | D:9      | Found an ancient bone altar of Kikubaaqudgha.
  8391 | D:9      | Found an opulent altar of Gozag.
  8674 | D:10     | Entered Level 10 of the Dungeon
  8674 | D:10     | Noticed Harold
  8681 | D:10     | Killed Harold
  8752 | D:10     | Reached skill level 13 in Axes
  8765 | D:10     | Noticed Psyche
  8769 | D:10     | Killed Psyche
  8774 | D:10     | Noticed Grum
  8793 | D:10     | Killed Grum
  8893 | D:10     | Noticed an obsidian statue
  8907 | D:10     | Killed an obsidian statue
  8915 | D:10     | Identified the +3 leather armour of Cheibriados's Approval
                  | {Dex+2}
  8979 | D:10     | Noticed Fannar
  9009 | D:10     | Killed Fannar
  9079 | D:10     | Reached ***** piety under Trog
  9291 | D:10     | Found a runed translucent gate.
  9291 | D:10     | Found a runed translucent gate.
  9291 | D:10     | Found a runed translucent gate.
  9291 | D:10     | Noticed a glowing orange brain
  9291 | D:10     | Noticed osoart's ghost (journeyman SpBr)
  9319 | D:10     | Noticed a two-headed ogre
  9330 | D:10     | Killed a two-headed ogre
  9479 | D:10     | Found a viscous altar of Jiyva.
  9497 | D:10     | Reached XP level 12. HP: 77/77 MP: 12/12
  9501 | D:10     | Reached skill level 10 in Fighting
  9501 | D:10     | Killed osoart's ghost
  9502 | D:10     | Reached skill level 14 in Axes
  9765 | D:11     | Reached skill level 10 in Armour
  9814 | D:11     | Found a frozen archway.
  9839 | IceCv    | Entered an ice cave
  9855 | IceCv    | Found a transporter.
  9861 | IceCv    | Found the +8 Vampire's Tooth {megavamp}
  9862 | IceCv    | Found a transporter.
  9958 | D:11     | Noticed a two-headed ogre
  9965 | D:11     | Killed a two-headed ogre
 10027 | D:11     | Noticed a soul eater
 11477 | Lair:1   | Entered Level 1 of the Lair of Beasts
 11477 | Lair:1   | Noticed a boulder beetle
 11477 | Lair:1   | Found a hide-covered altar of Uskayaw.
 11477 | Lair:1   | Found an ornate altar of the Wu Jian Council.
 11482 | Lair:1   | Reached skill level 15 in Axes
 11494 | D:8      | Killed a boulder beetle
 11618 | Lair:1   | Reached XP level 13. HP: 84/84 MP: 13/13
 12446 | Lair:2   | Found a staircase to the Snake Pit.
 12985 | Lair:2   | Received a gift from Trog
 13022 | Lair:2   | Found a staircase to the Shoals.
 13297 | Lair:3   | Reached skill level 16 in Axes
 13540 | Lair:3   | Noticed Urug
 13547 | Lair:3   | Killed Urug
 14059 | Lair:4   | Noticed Munuj's ghost (journeyman MDFi)
 14279 | Lair:4   | Gained mutation: Your large and strong wings let you fly.
                  | [Gargoyle growth]
 14279 | Lair:4   | Reached XP level 14. HP: 84/92 MP: 14/14
 14601 | Lair:4   | Found a runed translucent door.
 14911 | Lair:4   | Killed Munuj's ghost
 14945 | Lair:5   | Entered Level 5 of the Lair of Beasts
 15079 | Lair:5   | Reached skill level 17 in Axes
 15363 | Lair:5   | Received a gift from Trog
 15482 | Lair:5   | Found a staircase to the Slime Pits.
 15482 | Lair:5   | Found a viscous altar of Jiyva.
 15873 | Lair:5   | Noticed a dire elephant
 15873 | Lair:5   | Noticed a dire elephant
 15873 | Lair:5   | Noticed a dire elephant
 15874 | Lair:5   | Noticed a dire elephant
 16006 | Lair:5   | Reached XP level 15. HP: 94/100 MP: 15/15
 16058 | Lair:5   | Identified the +2 great mace of the Moth {freeze, rN+
                  | Dex+2}
 16176 | Lair:5   | Reached skill level 18 in Axes
 16179 | Lair:5   | Mangled by a dire elephant simulacrum

Illustrated notes

Levels and vault maps discovered:
D:1:      shiori_arrival_elements, layout_loops_corners
D:2:      layout_basic, uniq_terence
D:3:      layout_loops_corners, lemuel_round_altar,
          mainiacjoe_overflow_alcove_2, mainiacjoe_overflow_large_starburst,
          minmay_pentomino_pile, uniq_natasha
D:4:      layout_loops_ring, mainiacjoe_overflow_concentric_impassable,
          serial_shops, shop, uniq_robin, uniq_eustachio
D:5:      layout_loops_cross, serial_shops, shop, uniq_ijyb
D:6:      layout_loops_ring
D:7:      layout_basic, grunt_ashenzari_visionary
          [grunt_ashenzari_visionary_shoals, grunt_ashenzari_visionary_snake],
          minmay_temple_entry_drinking_statues, uniq_maurice
D:8:      layout_loops_cross, mainiacjoe_overflow_alcove_1,
          nicolae_uskayaw_dance_hall, lair_entry_dummy,
          kennysheep_generic_room_6
D:9:      layout_long_grid, jmf_multi_god_temple2, orc_david_3
D:10:     layout_small_grid, gammafunk_ghost_ooze, minmay_statue_bubble,
          uniq_harold, uniq_psyche, uniq_fannar, uniq_grum
D:11:     layout_gridville, portal_ice_cave_entry_ice_simulacra
D:12:     layout_irregular_city
Lair:1:   layout_regular_city, nzn_masters_of_martial_movement
Lair:2:   layout_chaotic_city, minmay_shoals_entry_hut,
          guppyfry_snake_entry_garden
Lair:3:   layout_roguey, uniq_urug
Lair:4:   layout_gridlike, hellmonk_ghost_happy_afterlife
Lair:5:   due_jungle_book, layout_long_grid, minmay_slime_entry_jelly_boxes

Skill      XL: |  1  2  3  4  5  6  7  8  9 10 11 12 13 14 15 |
---------------+----------------------------------------------+-----
Axes           | 3 4 5 7 8 9 11 12 13 15 16 17 18 | 18.0
Armour         | 4 6 7 9 11 12 13 | 13.9
Fighting       | 4 6 8 9 11 12 13 14 | 14.1
Dodging        | |  1.5

Action                     |  1- 3 |  4- 6 |  7- 9 | 10-12 | 13-15 || total
---------------------------+-------+-------+-------+-------+-------++-------
  Melee: War axe           |    13 |       |   284 |   238 |       ||   535
         Hand axe          |    82 |   150 |   106 |       |    18 ||   356
         Battleaxe         |       |       |       |   281 |   551 ||   832
  Throw: Stone             |     2 |     4 |     9 |     7 |     1 ||    23
         Dart              |       |       |     2 |       |       ||     2
 Invoke: Berserk           |     2 |     4 |     3 |     8 |     5 ||    22
         Trog's Hand       |       |     1 |     1 |     5 |     1 ||     8
         Brothers in Arms  |       |       |       |       |     2 ||     2
    Use: Scroll            |     3 |     4 |     8 |     7 |     7 ||    29
         Potion            |       |       |       |     2 |     1 ||     3
 Armour: Animal skin       |    21 |       |       |       |       ||    21
         Leather armour    |    13 |       |       |       |       ||    13
         Ring mail         |    16 |     2 |       |       |       ||    18
         Scale mail        |       |   103 |   356 |    16 |       ||   475
         Plate armour      |       |       |       |   632 |   748 ||  1380
  Dodge: Dodged            |    59 |    79 |   201 |   237 |   244 ||   820
  Block: Buckler           |       |       |    21 |    25 |       ||    46

Table legend: (Time is in decaauts)
 A = Elapsed time spent in this place.
 B = Non-inter-level travel time spent in this place.
 C = Inter-level travel time spent in this place.
 D = Time resting spent in this place.
 E = Time spent auto-exploring this place.
 F = Levels seen in this place.
 G = Mean time per level.
                   A        B        C        D        E       F      G
               +--------+--------+--------+--------+--------+-----+--------+
         Total |  16288 |  15519 |    769 |   1543 |  10185 |  18 |  904.9 |
       Dungeon |  11622 |  10998 |    624 |   1281 |   7151 |  12 |  968.5 |
          Lair |   4609 |   4464 |    145 |    253 |   3033 |   5 |  921.8 |
      Ice Cave |     56 |     56 |      0 |      8 |      0 |   1 |   56.0 |
               +--------+--------+--------+--------+--------+-----+--------+

Top non-repeatable levels by time:
     D:1: 1370 daAuts
     D:3: 1197 daAuts
     D:2: 1189 daAuts
  Lair:5: 1119 daAuts
     D:8: 998 daAuts
    D:10: 992 daAuts
     D:5: 968 daAuts
     D:9: 965 daAuts
  Lair:4: 950 daAuts
  Lair:3: 912 daAuts
    D:12: 904 daAuts
     D:4: 874 daAuts
  Lair:2: 825 daAuts
    D:11: 815 daAuts
  Lair:1: 801 daAuts
